[Event "Live Chess"]
[Site "Chess.com"]
[Date "2011.01.26"]
[Round "-"]
[White "drazen71"]
[Black "hipposcottimus"]
[Result "1-0"]
[CurrentPosition "8/6p1/5k2/7p/4K1p1/8/7P/8 b - -"]
[Timezone "UTC"]
[ECO "D00"]
[ECOUrl "https://www.chess.com/openings/Queens-Pawn-Opening-1...d5-2.e3-c5"]
[UTCDate "2011.01.26"]
[UTCTime "18:10:38"]
[WhiteElo "1630"]
[BlackElo "1636"]
[TimeControl "60"]
[Termination "drazen71 won on time"]
[StartTime "18:10:38"]
[EndDate "2011.01.26"]
[EndTime "18:12:57"]
[Link "https://www.chess.com/game/live/91633982"]

1. d4 d5 2. e3 c5 3. c4 cxd4 4. Qxd4 e6 5. cxd5 exd5 6. Bb5+ Nc6 7. Bxc6+ bxc6 8. Nc3 Bb7 9. Qe5+ Ne7 10. Nf3 Rc8 11. Ng5 Qc7 12. Qxc7 Rxc7 13. e4 Ng6 14. exd5 cxd5 15. Nb5 Bb4+ 16. Bd2 Bxd2+ 17. Kxd2 Rc5 18. Nxa7 O-O 19. Rac1 Ra5 20. Nc6 Rxa2 21. Nb4 Rxb2+ 22. Kc3 Rxf2 23. Nd3 Rxg2 24. Nf3 Ra2 25. Nfe5 Raa8 26. Nxg6 fxg6 27. Nc5 Rfc8 28. Kd4 Ra4+ 29. Ke5 Rc4 30. Ne6 Rxc1 31. Rxc1 Rxc1 32. Nf4 Rd1 33. Nxd5 Rxd5+ 34. Ke6 Rd6+ 35. Ke7 Rd7+ 36. Kxd7 g5 37. Kc7 h5 38. Kxb7 g4 39. Kc6 Kf7 40. Kd5 Kf6 41. Ke4 1-0

[Event "Live Chess"]
[Site "Chess.com"]
[Date "2011.01.26"]
[Round "-"]
[White "hipposcottimus"]
[Black "mfr1986"]
[Result "0-1"]
[CurrentPosition "1r2r1k1/5p1p/RP1Ppqp1/3p4/3P4/3B4/5PPP/3Q1RK1 w - -"]
[Timezone "UTC"]
[ECO "C00"]
[ECOUrl "https://www.chess.com/openings/Pirc-Defense-Small-Center-Defense"]
[UTCDate "2011.01.26"]
[UTCTime "18:08:14"]
[WhiteElo "1645"]
[BlackElo "1645"]
[TimeControl "60"]
[Termination "mfr1986 won on time"]
[StartTime "18:08:14"]
[EndDate "2011.01.26"]
[EndTime "18:09:54"]
[Link "https://www.chess.com/game/live/91633165"]

1. e4 e6 2. d4 d6 3. c4 c6 4. b4 Be7 5. Nc3 Nf6 6. Nf3 O-O 7. Bd3 a6 8. a4 b5 9. O-O Bb7 10. c5 bxa4 11. Nxa4 Nbd7 12. Be3 Qe8 13. Rc1 Rb8 14. e5 Nd5 15. exd6 Bd8 16. Bg5 Bxg5 17. Nxg5 N7f6 18. Ne4 Qd7 19. Nb6 Qd8 20. Nxd5 cxd5 21. Nxf6+ Qxf6 22. c6 Bxc6 23. Rxc6 Rbd8 24. Rxa6 Rfe8 25. b5 g6 26. b6 Rb8 0-1

[Event "Live Chess"]
[Site "Chess.com"]
[Date "2011.01.26"]
[Round "-"]
[White "hipposcottimus"]
[Black "PakistaniChess"]
[Result "1-0"]
[CurrentPosition "5rk1/p6R/1p4p1/6N1/8/1B6/Pb4PP/5RK1 b - -"]
[Timezone "UTC"]
[ECO "B06"]
[ECOUrl "https://www.chess.com/openings/Modern-Defense-with-1-e4-2.d4-Bg7"]
[UTCDate "2011.01.26"]
[UTCTime "18:05:01"]
[WhiteElo "1653"]
[BlackElo "1401"]
[TimeControl "60"]
[Termination "hipposcottimus won on time"]
[StartTime "18:05:01"]
[EndDate "2011.01.26"]
[EndTime "18:07:01"]
[Link "https://www.chess.com/game/live/91632291"]

1. e4 g6 2. d4 Bg7 3. e5 e6 4. f4 Ne7 5. c4 b6 6. Nf3 c6 7. d5 cxd5 8. cxd5 exd5 9. Bb5 O-O 10. O-O Qc7 11. Nc3 d6 12. Nxd5 Nxd5 13. Qxd5 dxe5 14. fxe5 Bb7 15. Qd6 Qxd6 16. exd6 Nd7 17. Bxd7 Rad8 18. Ba4 Rxd6 19. Bb3 Rfd8 20. Bf4 R6d7 21. Bg3 Rc7 22. Bh4 Rcc8 23. Bxd8 Rxd8 24. Rad1 Re8 25. Rd7 Kf8 26. Rxb7 Bxb2 27. Rxf7+ Kg8 28. Ng5 Rf8 29. Rxh7+ 1-0

[Event "Live Chess"]
[Site "Chess.com"]
[Date "2011.01.26"]
[Round "-"]
[White "hipposcottimus"]
[Black "Khen77"]
[Result "1-0"]
[CurrentPosition "3r1k2/p3B2p/n3R3/N2p1r2/8/2N2P2/PPP3PP/R6K b - -"]
[Timezone "UTC"]
[ECO "C40"]
[ECOUrl "https://www.chess.com/openings/Kings-Pawn-Opening-Kings-Knight-Damiano-Defense"]
[UTCDate "2011.01.26"]
[UTCTime "18:02:05"]
[WhiteElo "1650"]
[BlackElo "1641"]
[TimeControl "60"]
[Termination "hipposcottimus won on time"]
[StartTime "18:02:05"]
[EndDate "2011.01.26"]
[EndTime "18:04:12"]
[Link "https://www.chess.com/game/live/91631523"]

1. e4 e5 2. Nf3 f6 3. Bc4 c6 4. d4 d5 5. Bb3 dxe4 6. Nfd2 f5 7. O-O Bd6 8. Re1 Bd7 9. f3 e3 10. Rxe3 f4 11. Re1 Nf6 12. Nc4 Kf7 13. dxe5 Bc5+ 14. Kh1 Nd5 15. e6+ Bxe6 16. Ne5+ Kf6 17. Nd3 Re8 18. Nxc5 Na6 19. Nxb7 Qd7 20. Bxd5 cxd5 21. Na5 Rad8 22. Qd4+ Kf7 23. Bxf4 g5 24. Bxg5 Rg8 25. Qf6+ Ke8 26. Nc3 Rf8 27. Qe5 Rf5 28. Qxe6+ Qxe6 29. Rxe6+ Kf8 30. Be7+ 1-0

[Event "Live Chess"]
[Site "Chess.com"]
[Date "2011.01.26"]
[Round "-"]
[White "hipposcottimus"]
[Black "temuchin1"]
[Result "0-1"]
[CurrentPosition "r1b4r/p4k1p/p1n2p1K/2b2pq1/8/8/8/8 w - -"]
[Timezone "UTC"]
[ECO "C00"]
[ECOUrl "https://www.chess.com/openings/French-Defense"]
[UTCDate "2011.01.26"]
[UTCTime "17:59:59"]
[WhiteElo "1642"]
[BlackElo "2230"]
[TimeControl "60"]
[Termination "temuchin1 won by checkmate"]
[StartTime "17:59:59"]
[EndDate "2011.01.26"]
[EndTime "18:01:47"]
[Link "https://www.chess.com/game/live/91630871"]

1. e4 e6 2. a4 c5 3. h4 Nc6 4. c4 Nf6 5. f4 d5 6. g4 dxe4 7. b4 cxb4 8. d4 exd3 9. Ne2 dxe2 10. Qxe2 Qd4 11. Nc3 Qxc3+ 12. Kf2 Qxa1 13. Bb2 Qxa4 14. c5 Bxc5+ 15. Kg2 Qb3 16. Rh3 Qd5+ 17. Kh2 Qe4 18. Bxf6 Qxe2+ 19. Bxe2 gxf6 20. Rc3 bxc3 21. Ba6 bxa6 22. f5 exf5 23. g5 fxg5 24. Kg3 c2 25. hxg5 c1=Q 26. Kh4 f6 27. Kh5 Kf7 28. Kh6 Qxg5# 0-1

[Event "Live Chess"]
[Site "Chess.com"]
[Date "2011.01.26"]
[Round "-"]
[White "XOIOX"]
[Black "hipposcottimus"]
[Result "1-0"]
[CurrentPosition "r4b1N/ppp1q3/2nkb2p/4p3/8/2P1B1Q1/PP3PPP/RN2KB1R w KQ -"]
[Timezone "UTC"]
[ECO "B02"]
[ECOUrl "https://www.chess.com/openings/Alekhines-Defense-Brooklyn-Variation-3.d4"]
[UTCDate "2011.01.26"]
[UTCTime "17:58:29"]
[WhiteElo "1200"]
[BlackElo "1642"]
[TimeControl "60"]
[Termination "XOIOX won by resignation"]
[StartTime "17:58:29"]
[EndDate "2011.01.26"]
[EndTime "17:59:33"]
[Link "https://www.chess.com/game/live/91630494"]

1. e4 Nf6 2. e5 Ng8 3. d4 e6 4. c3 d6 5. Nf3 dxe5 6. Nxe5 f6 7. Qh5+ g6 8. Nxg6 Nc6 9. Nxh8+ Ke7 10. Qf7+ Kd6 11. Qxg8 h6 12. Bf4+ e5 13. dxe5+ fxe5 14. Be3 Be6 15. Qg3 Qe7 1-0

[Event "Live Chess"]
[Site "Chess.com"]
[Date "2011.01.26"]
[Round "-"]
[White "hipposcottimus"]
[Black "XOIOX"]
[Result "0-1"]
[CurrentPosition "8/p2rbk1K/8/6p1/7p/8/1p6/8 w - -"]
[Timezone "UTC"]
[ECO "C21"]
[ECOUrl "https://www.chess.com/openings/Center-Game-Accepted-Ross-Gambit"]
[UTCDate "2011.01.26"]
[UTCTime "17:55:15"]
[WhiteElo "1642"]
[BlackElo "1200"]
[TimeControl "60"]
[Termination "XOIOX won on time"]
[StartTime "17:55:15"]
[EndDate "2011.01.26"]
[EndTime "17:57:34"]
[Link "https://www.chess.com/game/live/91629418"]

1. e4 e5 2. d4 exd4 3. Bd3 d6 4. c3 dxc3 5. Nxc3 Nf6 6. Nf3 Be7 7. O-O O-O 8. Bg5 Bg4 9. e5 dxe5 10. Bxf6 Bxf6 11. Be2 Qxd1 12. Raxd1 Bxf3 13. Bxf3 c6 14. Ne4 Be7 15. Rfe1 Na6 16. Re3 Nb4 17. Be2 Nd5 18. Rg3 f5 19. Bc4 fxe4 20. Rg5 Bxg5 21. Bxd5+ cxd5 22. Rxd5 Bf6 23. g3 b6 24. h4 Rad8 25. Rb5 Rd2 26. Kg2 Rc2 27. Rb4 Rd8 28. Rxe4 Rdd2 29. Kh3 Rxf2 30. Rb4 Rxb2 31. Rc4 Rxa2 32. Rc8+ Kf7 33. Rc7+ Be7 34. g4 Rh2+ 35. Kg3 Rag2+ 36. Kf3 Rf2+ 37. Ke4 Rhg2 38. Kxe5 Re2+ 39. Kd5 Rd2+ 40. Ke4 Rge2+ 41. Kf4 Kf8 42. Kf5 Kf7 43. Kf4 Rf2+ 44. Ke3 Rde2+ 45. Kd4 Rc2 46. Ke3 Rxc7 47. Kxf2 Rd7 48. g5 h6 49. Kf3 hxg5 50. Kg4 gxh4 51. Kh3 g5 52. Kg4 b5 53. Kh5 b4 54. Kh6 b3 55. Kh7 b2 0-1

[Event "Live Chess"]
[Site "Chess.com"]
[Date "2011.01.26"]
[Round "-"]
[White "XOIOX"]
[Black "hipposcottimus"]
[Result "1-0"]
[CurrentPosition "8/pR6/8/7P/5pP1/8/r2k1PK1/2q5 b - -"]
[Timezone "UTC"]
[ECO "C21"]
[ECOUrl "https://www.chess.com/openings/Center-Game-Accepted-Kieseritzky-Lanc-Arnold-Gambit"]
[UTCDate "2011.01.26"]
[UTCTime "17:51:46"]
[WhiteElo "1200"]
[BlackElo "1642"]
[TimeControl "60"]
[Termination "XOIOX won on time"]
[StartTime "17:51:46"]
[EndDate "2011.01.26"]
[EndTime "17:54:08"]
[Link "https://www.chess.com/game/live/91628489"]

1. e4 e5 2. d4 exd4 3. Nf3 Bc5 4. c3 d6 5. cxd4 Bb6 6. Bd3 Qe7 7. Be3 Nf6 8. e5 dxe5 9. dxe5 Nd5 10. Bxb6 Nxb6 11. O-O Bg4 12. Re1 O-O 13. Nc3 c6 14. Be4 N8d7 15. h3 Bh5 16. Qd6 Bxf3 17. Qxe7 Nxe5 18. Qxe5 f6 19. Qg3 Bxe4 20. Nxe4 f5 21. Nd2 f4 22. Qg4 Nd5 23. Nf3 Rae8 24. Qh5 Rxe1+ 25. Rxe1 Nf6 26. Qh4 h6 27. g3 g5 28. Nxg5 hxg5 29. Qxg5+ Kf7 30. Qc5 Kg6 31. Qc1 Kg7 32. Re6 Nh5 33. g4 Nf6 34. Qc4 Rd8 35. Qe4 Rd1+ 36. Kg2 Nxe4 37. Re7+ Kf6 38. Rxe4 Rd2 39. Re8 Rxb2 40. Rf8+ Ke7 41. Rb8 Rxa2 42. Rxb7+ Kd6 43. Rg7 c5 44. Rg6+ Kd5 45. Rg5+ Kd4 46. Rg7 c4 47. h4 c3 48. h5 c2 49. Rc7 c1=Q 50. Rd7+ Kc3 51. Rc7+ Kd2 52. Rb7 1-0

[Event "Live Chess"]
[Site "Chess.com"]
[Date "2011.01.26"]
[Round "-"]
[White "hipposcottimus"]
[Black "XOIOX"]
[Result "0-1"]
[CurrentPosition "3r4/pknr4/1np5/5R1R/1b6/2PP4/PP4PP/6K1 w - -"]
[Timezone "UTC"]
[ECO "C42"]
[ECOUrl "https://www.chess.com/openings/Petrovs-Defense-Urusov-Gambit"]
[UTCDate "2011.01.26"]
[UTCTime "17:49:09"]
[WhiteElo "1642"]
[BlackElo "1200"]
[TimeControl "60"]
[Termination "XOIOX won on time"]
[StartTime "17:49:09"]
[EndDate "2011.01.26"]
[EndTime "17:51:17"]
[Link "https://www.chess.com/game/live/91627773"]

1. e4 e5 2. Nf3 Nf6 3. Bc4 d6 4. Ng5 d5 5. exd5 Nxd5 6. Nxf7 Kxf7 7. Qf3+ Ke6 8. Nc3 c6 9. d3 h6 10. O-O Qf6 11. Qe4 Nd7 12. f4 Nb6 13. fxe5 Qxe5 14. Qg6+ Kd7 15. Rf7+ Kd8 16. Bf4 Qe6 17. Bc7+ Nxc7 18. Bxe6 Bxe6 19. Qxe6 Nxe6 20. Ne4 Ke8 21. Nd6+ Bxd6 22. Rxb7 Rd8 23. Rxg7 Bf8 24. Rg3 Nc7 25. Re3+ Kd7 26. Rf1 Kc8 27. Rf7 Bd6 28. Ref3 Rd7 29. R7f5 Rhd8 30. Rh3 Kb7 31. Rxh6 Ka6 32. Rhh5 Bb4 33. c3 Kb7 0-1

[Event "Live Chess"]
[Site "Chess.com"]
[Date "2011.01.26"]
[Round "-"]
[White "hipposcottimus"]
[Black "Mamzelle_Angelle"]
[Result "0-1"]
[CurrentPosition "5nk1/p1N4p/1pp3p1/5p2/3b4/6P1/P5PK/4r3 w - -"]
[Timezone "UTC"]
[ECO "B01"]
[ECOUrl "https://www.chess.com/openings/Scandinavian-Defense-Mieses-Kotrc-Main-Line-4.d4-c6"]
[UTCDate "2011.01.26"]
[UTCTime "17:46:30"]
[WhiteElo "1642"]
[BlackElo "1578"]
[TimeControl "60"]
[Termination "Mamzelle_Angelle won on time"]
[StartTime "17:46:30"]
[EndDate "2011.01.26"]
[EndTime "17:48:34"]
[Link "https://www.chess.com/game/live/91626960"]

1. e4 d5 2. exd5 Qxd5 3. Nc3 Qa5 4. d4 c6 5. Bd2 Qb6 6. Nf3 Qxb2 7. Rb1 Qa3 8. Bc4 Qd6 9. Ne5 e6 10. O-O Nf6 11. f4 Be7 12. Qe2 O-O 13. Ne4 Nxe4 14. Qxe4 b6 15. Bd3 g6 16. f5 exf5 17. Qf3 Ba6 18. Bh6 Re8 19. Qg3 Bxd3 20. cxd3 Bf8 21. Bg5 Bg7 22. Nf3 Qxg3 23. hxg3 f6 24. Kh1 fxg5 25. Nxg5 Bxd4 26. Rbe1 Rxe1 27. Rxe1 Nd7 28. Ne6 Bc5 29. Nc7 Rc8 30. Ne6 Re8 31. d4 Nf8 32. Nc7 Rxe1+ 33. Kh2 Bxd4 0-1

[Event "Live Chess"]
[Site "Chess.com"]
[Date "2011.01.26"]
[Round "-"]
[White "13tone"]
[Black "hipposcottimus"]
[Result "1-0"]
[CurrentPosition "r4rk1/pp1b2pp/5q2/3Qbp2/8/4PN1P/PP2NPP1/R4RK1 b - -"]
[Timezone "UTC"]
[ECO "D10"]
[ECOUrl "https://www.chess.com/openings/Slav-Defense-3.e3-e6"]
[UTCDate "2011.01.26"]
[UTCTime "17:40:30"]
[WhiteElo "1505"]
[BlackElo "1434"]
[TimeControl "120+12"]
[Termination "13tone won by resignation"]
[StartTime "17:40:30"]
[EndDate "2011.01.26"]
[EndTime "17:43:52"]
[Link "https://www.chess.com/game/live/91625275"]

1. d4 d5 2. c4 c6 3. e3 e6 4. Bd3 Nd7 5. Ne2 f5 6. O-O Ngf6 7. Nd2 Bd6 8. h3 O-O 9. Nf3 Ne4 10. cxd5 cxd5 11. Bd2 Qf6 12. Bb5 Nxd2 13. Qxd2 e5 14. Bxd7 Bxd7 15. dxe5 Bxe5 16. Qxd5+ 1-0

[Event "Live Chess"]
[Site "Chess.com"]
[Date "2011.01.26"]
[Round "-"]
[White "Hustle2Hustle"]
[Black "hipposcottimus"]
[Result "0-1"]
[CurrentPosition "rn4k1/pp4p1/5rP1/3p4/b1pP1q2/B1P2p2/P4N2/R2KR3 w - -"]
[Timezone "UTC"]
[ECO "A00"]
[ECOUrl "https://www.chess.com/openings/Saragossa-Opening-1...d5"]
[UTCDate "2011.01.26"]
[UTCTime "17:31:46"]
[WhiteElo "1142"]
[BlackElo "1441"]
[TimeControl "120+10"]
[Termination "hipposcottimus won by checkmate"]
[StartTime "17:31:46"]
[EndDate "2011.01.26"]
[EndTime "17:40:35"]
[Link "https://www.chess.com/game/live/91622609"]

1. c3 d5 2. Na3 e5 3. b4 c5 4. b5 c4 5. Nf3 f6 6. Qc2 Bd7 7. d4 e4 8. Ng1 Bxa3 9. Bxa3 Bxb5 10. e3 Ne7 11. Be2 O-O 12. g4 Rf7 13. h4 f5 14. g5 f4 15. Nh3 fxe3 16. fxe3 Ng6 17. h5 Nh4 18. Rg1 Nf3+ 19. Bxf3 exf3 20. Nf2 Qe8 21. g6 Qxe3+ 22. Kd1 hxg6 23. hxg6 Rf6 24. Re1 Qf4 25. Qa4 Bxa4# 0-1

[Event "Live Chess"]
[Site "Chess.com"]
[Date "2011.01.26"]
[Round "-"]
[White "stacks813"]
[Black "hipposcottimus"]
[Result "1-0"]
[CurrentPosition "1k1r3r/Npp2qpp/n4n2/3p4/P2Np3/1Q2P3/5PPP/R1B2RK1 w - -"]
[Timezone "UTC"]
[ECO "D00"]
[ECOUrl "https://www.chess.com/openings/Queens-Pawn-Opening-1...d5-2.e3"]
[UTCDate "2011.01.26"]
[UTCTime "17:25:04"]
[WhiteElo "1483"]
[BlackElo "1439"]
[TimeControl "600"]
[Termination "stacks813 won by resignation"]
[StartTime "17:25:04"]
[EndDate "2011.01.26"]
[EndTime "17:28:12"]
[Link "https://www.chess.com/game/live/91620461"]

1. d4 d5 2. e3 Bf5 3. Bd3 Qd7 4. Nf3 Nc6 5. O-O O-O-O 6. c3 f6 7. b4 e5 8. Bxf5 Qxf5 9. dxe5 fxe5 10. a4 Bxb4 11. cxb4 Nxb4 12. Qb3 Na6 13. Nc3 e4 14. Nd4 Qf7 15. Ncb5 Nf6 16. Nxa7+ Kb8 1-0

[Event "Live Chess"]
[Site "Chess.com"]
[Date "2011.01.26"]
[Round "-"]
[White "yankee5"]
[Black "hipposcottimus"]
[Result "0-1"]
[CurrentPosition "6k1/5ppp/8/p4P2/1p4K1/5P2/P6P/3q4 b - -"]
[Timezone "UTC"]
[ECO "C20"]
[ECOUrl "https://www.chess.com/openings/Kings-Pawn-Opening-Wayward-Queen-Kiddie-Countergambit"]
[UTCDate "2011.01.26"]
[UTCTime "02:17:01"]
[WhiteElo "1245"]
[BlackElo "1446"]
[TimeControl "600"]
[Termination "hipposcottimus won by resignation"]
[StartTime "02:17:01"]
[EndDate "2011.01.26"]
[EndTime "02:28:50"]
[Link "https://www.chess.com/game/live/91421905"]

1. e4 e5 2. Qh5 Nf6 3. Qxe5+ Be7 4. d4 O-O 5. Bg5 Nc6 6. Qf4 Nxd4 7. Bd3 Nd5 8. Bxe7 Nxe7 9. e5 Ne6 10. Qe4 Ng6 11. g3 d5 12. Qe3 d4 13. Qe4 Nc5 14. Qe2 Nxe5 15. Qh5 Nexd3+ 16. cxd3 Nxd3+ 17. Kf1 b6 18. Qd1 a5 19. Qxd3 Ba6 20. Qxa6 Rxa6 21. Nf3 b5 22. Kg2 Rf6 23. Rd1 d3 24. Nc3 b4 25. Ne2 Qd5 26. Nf4 Rxf4 27. gxf4 Re8 28. Rd2 Re2 29. Rad1 Rxd2 30. Rxd2 c5 31. Kg3 c4 32. Rd1 c3 33. Ne1 d2 34. Nc2 cxb2 35. Ne3 Qd3 36. Kg4 b1=Q 37. Rxb1 Qxb1 38. f5 d1=Q+ 39. Nxd1 Qxd1+ 40. f3 0-1

[Event "Live Chess"]
[Site "Chess.com"]
[Date "2011.01.26"]
[Round "-"]
[White "hipposcottimus"]
[Black "yankee5"]
[Result "1-0"]
[CurrentPosition "1k1r2r1/pQ3p2/B1p5/4p2p/4P1b1/2N5/PPP3PP/R5K1 b - -"]
[Timezone "UTC"]
[ECO "C40"]
[ECOUrl "https://www.chess.com/openings/Kings-Pawn-Opening-Kings-Knight-Variation"]
[UTCDate "2011.01.26"]
[UTCTime "02:11:04"]
[WhiteElo "1442"]
[BlackElo "1249"]
[TimeControl "600"]
[Termination "hipposcottimus won by checkmate"]
[StartTime "02:11:04"]
[EndDate "2011.01.26"]
[EndTime "02:16:24"]
[Link "https://www.chess.com/game/live/91420643"]

1. e4 e5 2. Nf3 Bd6 3. d4 Nf6 4. dxe5 Bxe5 5. Nxe5 Qe7 6. f4 g5 7. Bd3 gxf4 8. Bxf4 d6 9. O-O Bg4 10. Qe1 dxe5 11. Bg5 Nbd7 12. Nc3 c6 13. Qh4 h5 14. Bxf6 Nxf6 15. Rxf6 O-O-O 16. Rxc6+ bxc6 17. Qxe7 Rhg8 18. Ba6+ Kb8 19. Qb7# 1-0

[Event "Live Chess"]
[Site "Chess.com"]
[Date "2011.01.26"]
[Round "-"]
[White "yankee5"]
[Black "hipposcottimus"]
[Result "0-1"]
[CurrentPosition "4k3/pR3p1p/2pb1p2/P2b4/3K2r1/2P4r/8/8 w - -"]
[Timezone "UTC"]
[ECO "C23"]
[ECOUrl "https://www.chess.com/openings/Bishops-Opening-2...Nc6"]
[UTCDate "2011.01.26"]
[UTCTime "02:06:07"]
[WhiteElo "1253"]
[BlackElo "1438"]
[TimeControl "600"]
[Termination "hipposcottimus won by checkmate"]
[StartTime "02:06:07"]
[EndDate "2011.01.26"]
[EndTime "02:10:47"]
[Link "https://www.chess.com/game/live/91419492"]

1. e4 e5 2. Bc4 Nc6 3. c3 Nf6 4. Qf3 d5 5. Bb5 dxe4 6. Qg3 Bd7 7. Bxc6 Bxc6 8. Qxe5+ Be7 9. d4 exd3 10. Bg5 Bxg2 11. Bxf6 gxf6 12. Qd4 Bxh1 13. Qxd8+ Rxd8 14. f3 Rg8 15. Nh3 Bxf3 16. Kf2 Bg4 17. Nf4 d2 18. Nxd2 Rxd2+ 19. Ke3 Rxb2 20. a4 Rxh2 21. a5 Bc5+ 22. Kd3 Bd6 23. Nd5 Rh3+ 24. Kc4 Be6 25. Rb1 c6 26. Rxb7 Bxd5+ 27. Kd4 Rg4# 0-1

[Event "Live Chess"]
[Site "Chess.com"]
[Date "2011.01.26"]
[Round "-"]
[White "hipposcottimus"]
[Black "lejitico"]
[Result "1-0"]
[CurrentPosition "2r1k3/1p2q3/p2pQR2/P2Pp1p1/1P2P3/8/4B1PP/2r2R1K w - -"]
[Timezone "UTC"]
[ECO "C41"]
[ECOUrl "https://www.chess.com/openings/Philidor-Defense-3.d4"]
[UTCDate "2011.01.26"]
[UTCTime "01:52:24"]
[WhiteElo "1434"]
[BlackElo "1331"]
[TimeControl "600+5"]
[Termination "hipposcottimus won by resignation"]
[StartTime "01:52:24"]
[EndDate "2011.01.26"]
[EndTime "02:05:07"]
[Link "https://www.chess.com/game/live/91416347"]

1. e4 e5 2. Nf3 d6 3. d4 Nc6 4. d5 Nb8 5. Be3 Bg4 6. Nbd2 c6 7. Bc4 c5 8. O-O Be7 9. a4 a6 10. c3 Nf6 11. a5 O-O 12. b4 Nbd7 13. Qc2 h6 14. Nh4 g5 15. f3 gxh4 16. fxg4 Nxg4 17. Rae1 Nxe3 18. Rxe3 Bg5 19. Rh3 Nf6 20. Nf3 Nh5 21. Be2 Be3+ 22. Kh1 Bg5 23. Nxg5 hxg5 24. Bxh5 cxb4 25. cxb4 Rc8 26. Qe2 Rc7 27. Qg4 Qe7 28. Rxh4 f6 29. Rh3 Rfc8 30. Qf5 Rc1 31. Be2 Qg7 32. Qe6+ Kf8 33. Rf3 Qe7 34. Rxf6+ Ke8 1-0

[Event "Live Chess"]
[Site "Chess.com"]
[Date "2011.01.26"]
[Round "-"]
[White "lejitico"]
[Black "hipposcottimus"]
[Result "0-1"]
[CurrentPosition "3r4/1b4kp/1p6/p4p1Q/4n3/1P3P2/P5PP/3q2K1 w - -"]
[Timezone "UTC"]
[ECO "D10"]
[ECOUrl "https://www.chess.com/openings/Slav-Defense-3.e3-e6"]
[UTCDate "2011.01.26"]
[UTCTime "01:41:59"]
[WhiteElo "1337"]
[BlackElo "1428"]
[TimeControl "600+5"]
[Termination "hipposcottimus won by checkmate"]
[StartTime "01:41:59"]
[EndDate "2011.01.26"]
[EndTime "01:51:40"]
[Link "https://www.chess.com/game/live/91413977"]

1. d4 d5 2. c4 c6 3. e3 e6 4. Bd2 Nd7 5. Nf3 Ngf6 6. Bd3 Bd6 7. Nc3 e5 8. dxe5 Bxe5 9. Nxe5 Nxe5 10. Be2 O-O 11. cxd5 cxd5 12. O-O b6 13. e4 d4 14. Nd5 Nxe4 15. Be1 Qxd5 16. Bf3 Nxf3+ 17. Qxf3 f5 18. b3 Bb7 19. Rd1 Qd7 20. Qd3 Rad8 21. Qc4+ Kh8 22. Bb4 Rf6 23. Rfe1 Rc6 24. Qe2 a5 25. Ba3 Rc3 26. Bb2 d3 27. Qh5 d2 28. Re2 Rc2 29. Bxg7+ Kxg7 30. f3 Rc1 31. Rxd2 Rxd1+ 32. Rxd1 Qxd1# 0-1

[Event "Live Chess"]
[Site "Chess.com"]
[Date "2011.01.26"]
[Round "-"]
[White "hipposcottimus"]
[Black "lejitico"]
[Result "1-0"]
[CurrentPosition "r2r2kR/pp6/6p1/3n4/4b3/5R2/PBP2P2/7K b - -"]
[Timezone "UTC"]
[ECO "C41"]
[ECOUrl "https://www.chess.com/openings/Philidor-Defense-Exchange-Variation-4.Qxd4"]
[UTCDate "2011.01.26"]
[UTCTime "01:30:38"]
[WhiteElo "1422"]
[BlackElo "1343"]
[TimeControl "600+5"]
[Termination "hipposcottimus won by checkmate"]
[StartTime "01:30:38"]
[EndDate "2011.01.26"]
[EndTime "01:41:21"]
[Link "https://www.chess.com/game/live/91411401"]

1. e4 e5 2. Nf3 d6 3. d4 exd4 4. Qxd4 Qf6 5. e5 dxe5 6. Nxe5 Qe6 7. Bc4 Nc6 8. Bxe6 Nxd4 9. Bxf7+ Ke7 10. Na3 Kf6 11. Bf4 Bxa3 12. O-O Bxb2 13. Rab1 Ne2+ 14. Kh1 Bxe5 15. Bxe5+ Kxf7 16. Bxc7 Nc3 17. Rb3 Nd5 18. Bd6 Nge7 19. Rf3+ Nf5 20. g4 Rd8 21. Ba3 Kg6 22. gxf5+ Bxf5 23. Rg1+ Kf6 24. h4 g6 25. h5 Kg7 26. hxg6 hxg6 27. Bb2+ Kh7 28. Rg2 Be4 29. Rh2+ Kg8 30. Rh8# 1-0

[Event "Live Chess"]
[Site "Chess.com"]
[Date "2011.01.26"]
[Round "-"]
[White "hipposcottimus"]
[Black "lejitico"]
[Result "1-0"]
[CurrentPosition "8/R7/4p2p/6k1/PP2B3/8/8/6K1 b - -"]
[Timezone "UTC"]
[ECO "C41"]
[ECOUrl "https://www.chess.com/openings/Philidor-Defense-3.d4"]
[UTCDate "2011.01.26"]
[UTCTime "01:18:11"]
[WhiteElo "1425"]
[BlackElo "1338"]
[TimeControl "600+5"]
[Termination "hipposcottimus won by resignation"]
[StartTime "01:18:11"]
[EndDate "2011.01.26"]
[EndTime "01:29:20"]
[Link "https://www.chess.com/game/live/91408506"]

1. e4 e5 2. Nf3 d6 3. d4 c6 4. dxe5 dxe5 5. Qxd8+ Kxd8 6. Nxe5 Be6 7. f4 Bd6 8. f5 Bxe5 9. fxe6 fxe6 10. Bc4 Ke7 11. O-O Nf6 12. Bg5 Nd7 13. c3 Kf7 14. Nd2 b5 15. Bb3 c5 16. Rad1 c4 17. Nxc4 bxc4 18. Bxc4 Rhd8 19. a4 Nc5 20. Ra1 Nxe4 21. h4 Ng3 22. Rf3 Rd6 23. b4 Bxc3 24. Rxc3 Ne2+ 25. Bxe2 Ne4 26. Rf1+ Kg6 27. Bd3 Rd4 28. Bc2 Kh5 29. g4+ Kxg4 30. Rf4+ Kh5 31. Rxe4 Rxe4 32. Bxe4 Rf8 33. Rc7 h6 34. Be3 g5 35. hxg5 Rg8 36. Rh7 Rxg5+ 37. Bxg5 Kxg5 38. Rxa7 1-0

[Event "Live Chess"]
[Site "Chess.com"]
[Date "2011.01.26"]
[Round "-"]
[White "hipposcottimus"]
[Black "Mmrxp2"]
[Result "0-1"]
[CurrentPosition "5r2/5pk1/p6p/1pp1b3/5q2/1Q2KB2/P7/1R6 w - -"]
[Timezone "UTC"]
[ECO "C41"]
[ECOUrl "https://www.chess.com/openings/Philidor-Defense-3.Bc4"]
[UTCDate "2011.01.26"]
[UTCTime "00:22:59"]
[WhiteElo "1419"]
[BlackElo "1500"]
[TimeControl "600"]
[Termination "Mmrxp2 won on time"]
[StartTime "00:22:59"]
[EndDate "2011.01.26"]
[EndTime "00:40:29"]
[Link "https://www.chess.com/game/live/91395651"]

1. e4 e5 2. Nf3 d6 3. Bc4 h6 4. d4 exd4 5. Nxd4 Nf6 6. Nc3 c6 7. f4 Be7 8. O-O O-O 9. f5 Nh7 10. Nce2 Bf6 11. Be3 d5 12. Bd3 c5 13. Nf3 d4 14. Bf4 Nc6 15. c3 dxc3 16. Nxc3 a6 17. Nd5 Bxb2 18. Rb1 Bd4+ 19. Kh1 b5 20. Bc7 Qd7 21. Nb6 Qxc7 22. Nxa8 Qb7 23. Re1 Qxa8 24. e5 Ng5 25. f6 Bg4 26. fxg7 Kxg7 27. Be2 Ne4 28. Qb3 Nf2+ 29. Kg1 Nd3+ 30. Kf1 Nxe1 31. Kxe1 Nxe5 32. Nxe5 Bxe5 33. Bxg4 Qxg2 34. Bf3 Qg1+ 35. Ke2 Qxh2+ 36. Ke3 Qf4+ 0-1